 Dungeon Crawl Stone Soup version bcrawl-1.37.1 (webtiles) character file.

Game seed: 15600862540076695538

160833 diana the Cudgeler (level 5, 0/48 HPs)
             Began as a Sand Dwarf Gladiator on Oct 16, 2022.
             Was an Initiate of Okawaru.
             Slain by an ogre
             ... wielding a +0 giant spiked club
              (13 damage)
             ... on level 3 of the Dungeon.
             The game lasted 00:03:13 (2232 turns).

diana the Cudgeler (Sand Dwarf Gladiator)           Turns: 2232, Time: 00:03:14

Health: 0/48       AC:  4    Str: 20    XL:     5   Next: 48%
Magic:  5/5        EV: 15    Int:  8    God:    Okawaru [......]
Gold:   159        SH:  0    Dex: 12    Spells: 4/4 levels left

rFire    . . .     GDR:     27% a - +0 flail
rCold    . . .     SeeInvis .   (shield restricted)
rNeg     . . .     Gourm    .   b - +0 leather armour
rPois    .         Faith    .   c - +0 helmet
rElec    .         Spirit   .   (no cloak)
rCorr    .         Reflect  .   (no gloves)
MR       .....                  (no boots)
Stlth    +++.......             h - amulet of magic regeneration
HPRegen  0.18/turn              g - ring of stealth (curse)
MPRegen  0.21/turn              (no ring)

@: slow
A: small, slowness 1, armour attunement
a: Renounce Religion


You were on level 3 of the Dungeon.
You worshipped Okawaru.
Okawaru was noncommittal.
You were not hungry.

You visited 1 branch of the dungeon, and saw 4 of its levels.

You collected 159 gold pieces.

Inventory:

Hand Weapons
 a - a +0 flail (weapon)
Missiles
 d - 3 throwing nets {=f}
Armour
 b - a +0 leather armour (worn)
 c - a +0 helmet (worn)
Jewellery
 g - a cursed ring of stealth (left hand)
 h - an amulet of magic regeneration (around neck)
 o - the ring "Tiojyi" {Fire Dex+2, unknown}
   (You found it on level 2 of the Dungeon)

   [ring of fire]

   It enhances your fire magic.
   It affects your dexterity (+2).
   It protects you from fire.
   It makes you vulnerable to cold.
Scrolls
 i - 2 scrolls of identify
 j - 4 scrolls of remove curse {unknown}
 n - a scroll of amnesia {unknown}
Potions
 f - a potion of heal wounds
 k - a potion of curing {unknown}
 l - a potion of agility {unknown}
Comestibles
 e - 3 rations {!d}


   Skills:
 * Level 5.2 Fighting
 + Level 5.4 Maces & Flails
 - Level 2.0 Throwing
 * Level 3.1 Armour
 + Level 2.9 Dodging


You had 4 spell levels left.
You didn't know any spells.
Your spell library was empty.

Dungeon Overview and Level Annotations

Branches:
Dungeon (4/12)
 Temple: D:4-7

Altars:
Ashenzari
Elyvilon
Nemelex Xobeh
Okawaru
Qazlal


Innate Abilities, Weirdness & Mutations

You are small and have problems with some larger weapons.
You cover ground slowly.
Armour does not affect your spellcasting.


Message History

The ogre is moderately wounded.
The ogre hits you with a +0 giant spiked club!
You barely miss the ogre.
The ogre is moderately wounded.
The ogre hits you with a +0 giant spiked club.
You sock the ogre!
The ogre is severely wounded.
The ogre hits you with a +0 giant spiked club!!
Ouch! That really hurt!
* * * LOW HITPOINT WARNING * * *
You are too injured to fight recklessly!
You hit the ogre.
The ogre is severely wounded.
You barely miss the ogre.
The ogre is severely wounded.
The ogre closely misses you.
You barely miss the ogre.
The ogre is severely wounded.
The ogre hits you with a +0 giant spiked club!
You die...

#.# #.# ##'## #.# ##...##
#.# ##.....## ###.##
##.......## ##.#..# #
##....†....####...#.#####
..'.....>...'..†..........
###........%####...#.#####
##.....@.## ##.##.# #
##...O.## ####.# ##...##
... ##'## ... #.. ...#. ..
#.#.# ##.


You could see an ogre.

Vanquished Creatures
  Terence (D:2)
  5 adders (D:3)
  An ooze (D:2)
  2 worms
  6 dart slugs
  7 leopard geckos
  An orc (D:3)
  6 bats
  9 goblins
  10 hobgoblins
  5 frilled lizards
  5 kobolds
  7 rats
65 creatures vanquished.

Notes
Turn   | Place    | Note
-------+----------+-------------------------------------------
     0 | D:1      | diana the Sand Dwarf Gladiator began the quest for the Orb.
     0 | D:1      | Reached XP level 1. HP: 19/19 MP: 1/1
    34 | D:1      | Found a sparkling altar of Nemelex Xobeh.
    39 | D:1      | Reached skill level 1 in Armour
    39 | D:1      | Reached XP level 2. HP: 26/27 MP: 2/2
   398 | D:1      | Reached XP level 3. HP: 33/33 MP: 3/3
   833 | D:2      | Got a brightly glowing iron ring
  1098 | D:2      | Reached XP level 4. HP: 41/41 MP: 4/4
  1184 | D:2      | Noticed Terence
  1194 | D:2      | Killed Terence
  1195 | D:2      | Reached skill level 5 in Maces & Flails
  1583 | D:3      | Reached XP level 5. HP: 45/47 MP: 5/5
  1591 | D:3      | Noticed an ogre
  1681 | D:3      | Reached skill level 5 in Fighting
  1788 | D:3      | Found a white marble altar of Elyvilon.
  1788 | D:3      | Found a shattered altar of Ashenzari.
  2094 | D:3      | Found an iron altar of Okawaru.
  2094 | D:3      | Found a stormy altar of Qazlal.
  2191 | D:3      | Became a worshipper of Warmaster Okawaru
  2232 | D:3      | Slain by an ogre

Skill      XL: |  1  2  3  4  5 |
---------------+----------------+-----
Armour         | 1 2 3 |  3.1
Fighting       | 4 5 |  5.2
Maces & Flails | 5 |  5.4
Throwing       | |  2.0
Dodging        | |  2.9

Action                   |  1- 3 |  4- 6 || total
-------------------------+-------+-------++-------
Melee: Flail             |    78 |   121 ||   199
 Stab: Sleeping          |     6 |     6 ||    12
       Distracted        |       |     1 ||     1
  Eat: Chunk             |     3 |     8 ||    11
Armor: Leather armour    |    21 |    23 ||    44
Dodge: Dodged            |    47 |   107 ||   154
